 Dungeon Crawl Stone Soup version 0.31-a0-1074-g0b22e4e0f1 (webtiles) character file.

Game seed: 17802928679169614430

24164 sammy202020 the Protected (level 13, -4/85 HPs)
             Began as a Gargoyle Fighter on Nov 28, 2023.
             Was an Initiate of Gozag.
             Killed from afar by Frances (30 damage)
             ... with a shard of ice
             ... on level 13 of the Dungeon.
             The game lasted 00:20:55 (10125 turns).

sammy202020 the Protected (Gargoyle Fighter)       Turns: 10125, Time: 00:20:56

Health: -4/85      AC: 42    Str: 33    XL:     13   Next: 11%
Magic:  13/13      EV: 18    Int: 12    God:    Gozag
Gold:   2055       SH:  7    Dex: 14    Spells: 12/12 levels left

rFire   + . .        x - +2 flail (protect)
rCold   x . .        c - +0 buckler
rNeg    + . .        u - +6 scale mail of Dithmenos {rPois rC- Str+7 Int-2}
rPois   ∞            z - +2 helmet of Wipoup {rF- Str+4 Int+4 SInv}
rElec   +            j - +1 cloak
rCorr   .            e - +0 pair of gloves
SInv    +            m - +2 pair of boots "Edeorpho" {rPois Dex+3}
Will    .....        B - amulet of regeneration Stlth
                     o - +5 ring of evasion
HPRegen 1.94/turn    M - ring "Inyzyus" {rPois rF+}
MPRegen 0.13/turn

%: clarity
@: under a protective aura
A: sickness immunity, AC +9, negative energy resistance 1, electricity
resistance, torment resistance 1, petrification resistance, clarity, fire
resistance 1, regeneration 1
a: Renounce Religion, Potion Petition, Call Merchant, Bribe Branch


You were on level 13 of the Dungeon.
You worshipped Gozag.
Gozag was most pleased with you.
You visited 2 branches of the dungeon, and saw 14 of its levels.

You collected 3271 gold pieces.
You spent 494 gold pieces at shops.
You paid 722 gold pieces to Gozag.

Inventory:

Hand Weapons
 d - a +0 hammer
 s - a +0 sling
 x - a +2 flail of protection (weapon)
Missiles
 G - a throwing net
Armour
 c - a +0 buckler (worn)
 e - a +0 pair of gloves (worn)
 j - a +1 cloak (worn)
 m - the +2 pair of boots "Edeorpho" (worn) {rPois Dex+3}
   (You bought it in a shop on level 2 of the Dungeon)

   Dex+3:     It affects your dexterity (+3).
   rPois:     It protects you from poison
 u - the +6 scale mail of Dithmenos (worn) {rPois rC- Str+7 Int-2}
   (You found it on level 5 of the Dungeon)

   Str+7:     It affects your strength (+7).
   Int-2:     It affects your intelligence (-2).
   rC-:       It makes you vulnerable to cold.
   rPois:     It protects you from poison
 z - the +2 helmet of Wipoup (worn) {rF- Str+4 Int+4 SInv}
   (You bought it in a shop on level 2 of the Dungeon)

   Str+4:     It affects your strength (+4).
   Int+4:     It affects your intelligence (+4).
   rF-:       It makes you vulnerable to fire.
   SInv:      It lets you see invisible.
 K - a +0 plate armour
Magical Staves
 a - a staff of poison
Jewellery
 o - a +5 ring of evasion (left hand)
 B - an amulet of regeneration (around neck)
 F - a ring of willpower
 M - the ring "Inyzyus" (right hand) {rPois rF+}
   (You found it on level 11 of the Dungeon)

   [ring of protection from fire]

   rF+:       It protects you from fire.
   rPois:     It protects you from poison
 N - a ring of positive energy
Wands
 b - a wand of acid (19)
 h - a wand of roots (18)
 w - a wand of flame (19)
 I - a wand of mindburst (8) (quivered)
Scrolls
 g - 5 scrolls of teleportation
 i - 2 scrolls of poison
 p - 3 scrolls of identify
 q - 3 scrolls of enchant armour
 v - a scroll of enchant weapon
 A - a scroll of fog
 D - a scroll of blinking
Potions
 f - a potion of might
 k - 3 potions of attraction
 l - 2 potions of curing
 n - 2 potions of brilliance
 r - a potion of mutation
 t - a potion of enlightenment
 C - 2 potions of magic
 H - a potion of invisibility
Miscellaneous
 L - a tin of tremorstones (2/2)


   Skills:
 * Level 11.7 Fighting
 * Level 10.6 Maces & Flails
 * Level 11.7 Armour
 + Level 6.3 Dodging
 * Level 11.7 Shields


You had 12 spell levels left.
You didn't know any spells.
Your spell library contained the following spells:

 Spells                   Type           Power      Damage    Failure   Level
 Sting                    Tmut/Pois      0%         1d3       52%         1
 Poisonous Vapours        Pois/Air       0%         N/A       67%         2
 Dispel Undead            Necr           0%         3d6       99%         4
 Olgreb's Toxic Radiance  Pois           0%         N/A       99%         4
 Passage of Golubria      Tloc           0%         N/A       99%         4
 Iskenderun's Battlesphe  Conj           0%         2d6       100%        5
 Silence                  Hex/Air        0%         N/A       100%        5
 Summon Forest            Summ/Tloc      0%         N/A       100%        5
 Bombard                  Conj/Erth      0%         9d1       100%        6
 Death Channel            Necr           0%         N/A       100%        6
 Eringya's Noxious Bog    Tmut/Pois      0%         4d6       100%        6
 Spellforged Servitor     Conj/Summ      0%         N/A       100%        7
 Summon Hydra             Summ           0%         N/A       100%        7
 Lehudib's Crystal Spear  Conj/Erth      0%         10d2      100%        8
 Cigotuvi's Dreadful Rot  Necr/Pois/Air  Unusable   N/A       N/A         2

Dungeon Overview and Level Annotations

Branches:
Dungeon (13/15)            Temple (1/1) D:6            Lair (0/5) D:8
    Orc (0/2) D:9
 Vaults: D:13-14

Altars:
Ashenzari
Cheibriados
Dithmenos
Elyvilon
Fedhas
Gozag
Hepliaklqana
Kikubaaqudgha
Makhleb
Nemelex Xobeh
Okawaru
Qazlal
Ru
Sif Muna
Trog
Uskayaw
Vehumet
Wu Jian
Xom
Yredelemnul
Zin
The Shining One

Shops:
D:1 :   D:2 [   D:4 *   D:9 (

Annotations:
D:5 1 runed translucent door
D:7 2 transporters, Jeffwins's ghost, novice AtMo
D:13 Frances


Innate Abilities, Weirdness & Mutations

You are immune to sickness and miasma.
Your stone body is resilient. (AC +9)
You are immune to poison.
You resist negative energy. (rN+)
You are resistant to electric shocks. (rElec)
You are resistant to unholy torment.
You are immune to petrification.
You possess an exceptional clarity of mind.
Your flesh is heat resistant. (rF+)
Your natural rate of healing is unusually fast.


Message History

You are too injured to fight recklessly!
You are too injured to fight recklessly!
You are too injured to fight recklessly!
You are too injured to fight recklessly!
You are too injured to fight recklessly!
You are too injured to fight recklessly!
You are too injured to fight recklessly!
You are too injured to fight recklessly!
You are too injured to fight recklessly!
You are too injured to fight recklessly!
Unknown command.
You sock Frances!
Frances is severely wounded.
Frances mutters in a terrible tongue.
You block the shard of ice.
The soul eater hits you but does no damage.
You closely miss Frances.
Frances is severely wounded.
Frances chants phrases taken from a devil's mouth.
The iron shot misses you.
The soul eater hits you but does no damage.
You barely miss Frances.
Frances is severely wounded.
Frances hits you but does no damage.
Frances mutters in a terrible tongue.
The shard of ice hits you!
You feel a painful chill!
* * * LOW HITPOINT WARNING * * *
The soul eater barely misses you.
You closely miss Frances.
Frances is severely wounded.
Frances hits you but does no damage. The soul eater barely misses you.
You closely miss Frances.
Frances is severely wounded.
Frances closely misses you.
You sock Frances!
Frances is severely wounded.
Frances chants phrases taken from a devil's mouth.
The shard of ice hits you!!
You feel a painful chill!
You die...
Your body crumbles into a pile of gold.

### ## #.. . #
#.#.# #$##.#.#
#..3@..# #@####
#.##.##
######.#...####
...............+
#######.#...####
#.##.## #.#...#
#.#...###
#.......#


You could see Frances (fast) and a soul eater (summoned).

Vanquished Creatures
  Snorg (D:10)
  An ogre mage (D:11)
  3 boulder beetles
  4 two-headed ogres
  Erica (D:8)
  A centaur warrior (D:11)
  A deep troll earth mage (D:11)
  Sonja (D:11)
  5 skeletal warriors (D:12)
  Pikel (D:8)
  A deep elf pyromancer (D:12)
  An orc knight (D:11)
  A wolf spider (D:11)
  A manticore (D:9)
  A guardian serpent (D:12)
  The ghost of Cobbler the Ruffian, a novice HOMo of Wu Jian (D:5)
  A kobold demonologist (D:12)
  An unseen horror (D:11)
  2 gargoyles
  A yaktaur (D:11)
  An efreet (D:11)
  A komodo dragon (D:11)
  2 trolls
  A centaur simulacrum (D:11)
  4 shadows
  27 yaks
  A wraith (D:10)
  3 vampire mosquitoes (D:12)
  A warg (D:9)
  An acid dragon (D:12)
  A water moccasin (D:4)
  3 orc warriors
  3 sky beasts
  An ogre (D:5)
  4 centaurs
  A phantom (D:6)
  2 kobold brigands
  4 bullfrogs
  3 scorpions
  A gnoll sergeant (D:8)
  8 wights (D:7)
  10 killer bees
  A howler monkey (D:6)
  A lava snake (D:11)
  3 jellies
  3 orc priests
  Crazy Yiuf (D:2)
  A gnoll bouda (D:9)
  2 hounds
  9 orc wizards
  Terence (D:2)
  2 iguanas
  Natasha (thrice) (D:2)
  11 gnolls
  10 adders
  A white imp (D:6)
  2 ufetubi (D:6)
  2 worms
  4 dart slugs
  30 orcs
  6 bats
  6 endoplasms
  3 giant cockroaches
  5 goblins
  4 hobgoblins
  7 jackals
  A quokka (D:2)
  6 ball pythons
  5 frilled lizards
  8 kobolds
  9 rats
  A butterfly (D:9)
261 creatures vanquished.

Vanquished Creatures (others)
  A manticore (D:11)
  An orc wizard (D:6)
  An orc (D:6)
3 creatures vanquished.

Grand Total: 264 creatures vanquished

Notes
Turn   | Place    | Note
-------+----------+-------------------------------------------
     0 | D:1      | sammy202020 the Gargoyle Fighter began the quest for the
                  | Orb.
     0 | D:1      | Reached XP level 1. HP: 14/14 MP: 1/1
    81 | D:1      | Reached XP level 2. HP: 19/19 MP: 2/2
   208 | D:1      | Found Suij's Vocational Training.
   499 | D:1      | Reached XP level 3. HP: 23/23 MP: 3/3
   604 | D:2      | Noticed Terence
   613 | D:2      | Killed Terence
   665 | D:2      | Noticed Natasha
   672 | D:2      | Killed Natasha
   673 | D:2      | Reached XP level 4. HP: 26/29 MP: 4/4
   720 | D:2      | Noticed Natasha
   812 | D:2      | Killed Natasha
   813 | D:2      | Reached skill level 1 in Dodging
   867 | D:2      | Found a faded altar of an unknown god.
   888 | D:2      | Noticed Natasha
   895 | D:2      | Killed Natasha
   896 | D:2      | Reached XP level 5. HP: 33/33 MP: 5/5
  1000 | D:2      | Found a runed translucent door.
  1001 | D:2      | Noticed Crazy Yiuf
  1008 | D:2      | Killed Crazy Yiuf
  1318 | D:2      | Found Age Midgh's Antique Armour Shop.
  1610 | D:3      | Found a basalt altar of Yredelemnul.
  2171 | D:4      | Reached XP level 6. HP: 33/39 MP: 6/6
  2278 | D:4      | Found Ykuol's Serpentskin Sales.
  2278 | D:4      | Noticed a water moccasin
  2319 | D:4      | Killed a water moccasin
  2932 | D:5      | Entered Level 5 of the Dungeon
  2967 | D:5      | Reached XP level 7. HP: 33/44 MP: 7/7
  2975 | D:5      | Reached skill level 5 in Shields
  2982 | D:5      | Reached skill level 5 in Fighting
  2982 | D:5      | Reached skill level 5 in Armour
  3017 | D:5      | Found a runed translucent door.
  3024 | D:5      | Noticed Cobbler's ghost (novice HOMo)
  3085 | D:5      | Killed Cobbler's ghost
  3086 | D:5      | Reached XP level 8. HP: 11/50 MP: 8/8
  3109 | D:5      | Found a runed translucent door.
  3405 | D:5      | Identified the +6 scale mail of Dithmenos {rPois rC- Str+7
                  | Int-2}
  3598 | D:5      | Reached skill level 5 in Maces & Flails
  4059 | D:6      | Found a staircase to the Ecumenical Temple.
  4069 | D:6      | Reached XP level 9. HP: 56/56 MP: 9/9
  4077 | Temple   | Entered the Ecumenical Temple
  4089 | Temple   | Became a worshipper of Gozag Ym Sagoz the Greedy
  4535 | D:6      | Gained mutation: Your muscles are strong. (Str +4, Int/Dex
                  | -1) [potion of mutation]
  4535 | D:6      | Gained mutation: You do not regenerate when monsters are
                  | visible. [potion of mutation]
  4536 | D:6      | Lost mutation: Your muscles are strong. (Str +4, Int/Dex
                  | -1) [potion of mutation]
  4536 | D:6      | Lost mutation: You do not regenerate when monsters are
                  | visible. [potion of mutation]
  4536 | D:6      | Gained mutation: You have hidden genetic potential. [potion
                  | of mutation]
  4536 | D:6      | Gained mutation: Your flesh is heat resistant. (rF+)
                  | [potion of mutation]
  4722 | D:7      | Found a transporter.
  4787 | D:7      | Found a bloodstained altar of Trog.
  4787 | D:7      | Noticed Jeffwins's ghost (novice AtMo)
  4800 | D:7      | Noticed a two-headed ogre
  4800 | D:7      | Noticed a moth of wrath
  4806 | D:7      | Found a transporter.
  4867 | D:7      | Found a white marble altar of Elyvilon.
  5380 | D:8      | Noticed Pikel
  5387 | D:8      | Killed Pikel
  5388 | D:8      | Reached XP level 10. HP: 56/64 MP: 10/10
  5572 | D:2      | Bought a pair of ancient boots for 247 gold pieces
  5572 | D:2      | Identified the +2 pair of boots "Edeorpho" {rPois Dex+3}
                  | (You bought it in a shop on level 2 of the Dungeon)
  5572 | D:2      | Bought a scorched helmet for 247 gold pieces
  5572 | D:2      | Identified the +2 helmet of Wipoup {rF- Str+4 Int+4 SInv}
                  | (You bought it in a shop on level 2 of the Dungeon)
  5865 | D:8      | Noticed a two-headed ogre
  5871 | D:8      | Killed a two-headed ogre
  5876 | D:8      | Gained mutation: Your natural rate of healing is unusually
                  | fast. [hidden potential]
  5986 | D:8      | Found a shimmering blue altar of Sif Muna.
  5994 | D:8      | Found a staircase to the Lair.
  6001 | D:8      | Noticed Erica
  6009 | D:8      | Killed Erica
  6318 | D:9      | Found a staircase to the Orcish Mines.
  6384 | D:9      | Found a shimmering altar of Xom.
  6444 | D:9      | Found a hazy altar of Hepliaklqana.
  6444 | D:9      | Found a stormy altar of Qazlal.
  6447 | D:9      | Noticed a two-headed ogre
  6457 | D:9      | Killed a two-headed ogre
  6505 | D:9      | Found a sacrificial altar of Ru.
  6639 | D:9      | Reached XP level 11. HP: 45/71 MP: 11/11
  6686 | D:9      | Found an ornate altar of the Wu Jian Council.
  6696 | D:9      | Found a broken altar of Ashenzari.
  6719 | D:9      | Noticed a manticore
  6730 | D:9      | Killed a manticore
  6840 | D:9      | Identified a scroll of acquirement
  6841 | D:9      | Acquired 1043 gold pieces
  6870 | D:10     | Entered Level 10 of the Dungeon
  6898 | D:10     | Gained mutation: You possess an exceptional clarity of
                  | mind. [hidden potential]
  6898 | D:10     | Lost mutation: You have hidden genetic potential. [hidden
                  | potential expressed]
  6977 | D:10     | Found a transporter.
  6983 | D:10     | Noticed an orc sorcerer
  6999 | D:10     | Found a transporter.
  7006 | D:10     | Noticed an orc high priest
  7023 | D:10     | Noticed a sixfirhy
  7027 | D:10     | Noticed a sun demon
  7172 | D:10     | Noticed Snorg
  7197 | D:10     | Killed Snorg
  7307 | D:10     | Found a radiant altar of Vehumet.
  7307 | D:10     | Found an ancient bone altar of Kikubaaqudgha.
  7554 | D:11     | Noticed Sonja
  7582 | D:11     | Killed Sonja
  7583 | D:11     | Reached skill level 5 in Dodging
  7634 | D:11     | Reached skill level 10 in Shields
  7640 | D:11     | Reached skill level 10 in Fighting
  7640 | D:11     | Reached skill level 10 in Armour
  8089 | D:11     | Noticed a deep troll earth mage
  8093 | D:11     | Noticed a two-headed ogre
  8123 | D:11     | Killed a deep troll earth mage
  8124 | D:11     | Reached XP level 12. HP: 45/78 MP: 12/12
  8200 | D:11     | Killed a two-headed ogre
  8376 | D:11     | Noticed a boulder beetle
  8385 | D:11     | Noticed an ogre mage
  8433 | D:11     | Killed an ogre mage
  8560 | D:11     | Killed a boulder beetle
  8614 | D:11     | Identified the +8 longbow of the Last Curses {freeze, Drain
                  | rPois rF++ Will-}
  8694 | D:11     | Noticed a centaur warrior
  8703 | D:11     | Killed a centaur warrior
  8734 | D:11     | Identified the ring "Inyzyus" {rPois rF+}
  9266 | D:12     | Reached skill level 10 in Maces & Flails
  9273 | D:12     | Noticed a two-headed ogre
  9284 | D:12     | Killed a two-headed ogre
  9835 | D:12     | Noticed a boulder beetle
  9862 | D:12     | Killed a boulder beetle
  9863 | D:12     | Reached XP level 13. HP: 84/84 MP: 13/13
 10103 | D:13     | Noticed Frances
 10125 | D:13     | Killed from afar by Frances

Illustrated notes

Levels and vault maps discovered:
D:1:      wander_arrival_lonely_grave, layout_basic, nicolae_shop_vocational
D:2:      layout_loops_ring, serial_aquarium, aquarium_bridge_long_separate
          [aquarium_subvault_wall, aquarium_subvault_bridge,
          aquarium_subvault_wall, aquarium_subvault_wall,
          aquarium_subvault_bridge, aquarium_subvault_window],
          aquarium_bridge_square [aquarium_subvault_wall,
          aquarium_subvault_window, aquarium_subvault_bridge,
          aquarium_subvault_bridge], aquarium_window_3, aquarium_window_corner,
          aquarium_window_1, aquarium_window_fake, aquarium_view_2d,
          aquarium_view_2f, aquarium_balcony_3a,
          chequers_ecumenical_altar_twisty, serial_shops, shop, uniq_natasha,
          uniq_terence, uniq_crazy_yiuf_cottage
D:3:      layout_rooms, yredelemnul_altar_generic
D:4:      layout_basic, guppyfry_shop_venom
D:5:      layout_rooms, ebering_ghost_sewer_f
D:6:      layout_basic, minmay_temple_entry_grid, serial_rivers,
          chequers_serial_rivers_micro_d, chequers_serial_rivers_micro_e,
          chequers_serial_rivers_small_b, chequers_serial_rivers_micro_b,
          chequers_serial_rivers_room_b
D:7:      layout_basic, lemuel_round_altar, gammafunk_ghost_wrathful_warriors
D:8:      layout_basic, nicolae_sif_muna_condensation, lair_entry_dummy,
          grunt_decor_junction, uniq_erica, uniq_pikel
D:9:      layout_basic, xom_butterflies, mainiacjoe_overflow_catwalk_spiral,
          grunt_temple_overflow_open, lemuel_crystal_altar, david_orc_3
D:10:     gammafunk_wand_slinger, layout_basic,
          gammafunk_temple_overflow_statue, uniq_snorg
D:11:     minmay_cut_squares, layout_layer_cave, kennysheep_island_fort,
          uniq_sonja
D:12:     layout_basic, nrook_guardian_serpent_double
D:13:     minmay_expanding_circles, layout_loops_corners, uniq_frances
Temple:   minmay_temple_curvy_loop

Skill      XL: |  1  2  3  4  5  6  7  8  9 10 11 12 |
---------------+-------------------------------------+-----
Shields        | 4 5 6 8 9 10 11 | 11.7
Fighting       | 4 5 6 8 9 10 11 | 11.7
Armour         | 4 5 6 7 9 10 11 | 11.7
Dodging        | 1 2 3 4 5 6 |  6.3
Maces & Flails | 3 4 5 7 8 9 10 | 10.6

Action                     |  1- 3 |  4- 6 |  7- 9 | 10-12 | 13-15 || total
---------------------------+-------+-------+-------+-------+-------++-------
  Melee: Flail             |    96 |    39 |   171 |   803 |    82 ||  1191
         Mace              |       |   194 |   196 |       |       ||   390
 Invoke: Call Merchant     |       |       |       |     1 |       ||     1
    Use: Scroll            |     1 |     2 |     7 |    11 |       ||    21
         Potion            |       |     3 |     2 |     4 |       ||     9
   Stab: Distracted        |       |       |       |     4 |       ||     4
 Armour: Scale mail        |    88 |   229 |   268 |   515 |    36 ||  1136
  Dodge: Dodged            |    58 |   140 |   337 |   731 |    30 ||  1296
  Block: Buckler           |    36 |    58 |   114 |   291 |    18 ||   517

Table legend: (Time is in decaauts)
 A = Elapsed time spent in this place.
 B = Non-inter-level travel time spent in this place.
 C = Inter-level travel time spent in this place.
 D = Time resting spent in this place.
 E = Time spent auto-exploring this place.
 F = Levels seen in this place.
 G = Mean time per level.
                   A        B        C        D        E       F      G
               +--------+--------+--------+--------+--------+-----+--------+
         Total |  10282 |  10044 |    238 |    153 |   6641 |  14 |  734.4 |
       Dungeon |  10258 |  10041 |    217 |    153 |   6641 |  13 |  789.1 |
        Temple |     23 |      2 |     21 |      0 |      0 |   1 |   23.0 |
               +--------+--------+--------+--------+--------+-----+--------+

Top non-repeatable levels by time:
    D:11: 1658 daAuts
     D:2: 1093 daAuts
     D:5: 1020 daAuts
     D:4: 926 daAuts
    D:12: 884 daAuts
     D:6: 849 daAuts
     D:7: 790 daAuts
    D:10: 669 daAuts
     D:9: 650 daAuts
     D:1: 603 daAuts
     D:8: 571 daAuts
     D:3: 502 daAuts
    D:13: 36 daAuts
  Temple: 23 daAuts
